 Dungeon Crawl Stone Soup version 0.22-a0-406-g9ff8d77 (webtiles) character file.

9881 Borgoz the Cleaver (level 11, -2/69 HPs)
             Began as a Gargoyle Abyssal Knight on May 8, 2018.
             Was an Elder of Lugonu.
             Slain by a troll (9 damage)
             ... on level 9 of the Dungeon.
             The game lasted 00:25:12 (14090 turns).

Borgoz the Cleaver (Gargoyle Abyssal Knight)       Turns: 14090, Time: 00:25:14

Health: -2/69      AC: 16    Str: 15    XL:     11   Next: 53%
Magic:  0/17       EV: 14    Int: 14    God:    Lugonu [****..]
Gold:   503        SH:  0    Dex: 12    Spells: 10/10 levels left

rFire    . . .     SeeInvis .   a - +0 war axe (chop)
rCold    + . .     Gourm    .   (no shield)
rNeg     + . .     Faith    .   y - +0 leather armour
rPois    ∞         Spirit   +   o - +0 helmet
rElec    +         Reflect  .   E - +2 cloak
rCorr    .         Harm     .   (no gloves)
MR       .....                  (no boots)
Stlth    +.........             k - amulet of guardian spirit
HPRegen  0.21/turn              w - ring of protection from cold
MPRegen  0.15/turn              (no ring)

@: about to teleport
A: negative energy resistance 1, electricity resistance, unbreathing,
petrification resistance, rot immunity, AC +8
a: Depart the Abyss, Bend Space, Banish, Corrupt, Renounce Religion


You were on level 9 of the Dungeon.
You worshipped Lugonu.
Lugonu was greatly pleased with you.
You were not hungry.

You visited 2 branches of the dungeon, and saw 11 of its levels.
You visited the Abyss 1 time.

You collected 503 gold pieces.

Inventory:

Hand Weapons
 a - a +0 war axe of chopping (weapon)
 b - a +1 whip of freezing
 v - a +3 dagger of chaos
 C - a +4 quarterstaff of chaos
Missiles
 i - a throwing net (quivered)
Armour
 g - the +3 hat of Pondering {ponderous, MR+ MP+10 Int+5}
   (You took it off Gastronok on level 8 of the Dungeon)

   It affects your intelligence (+5).
   It affects your resistance to hostile enchantments.
   It affects your magic capacity (+10).
 o - a +0 helmet (worn)
 y - a +0 leather armour (worn)
 E - a +2 cloak (worn)
Jewellery
 k - an amulet of guardian spirit (around neck)
 w - a ring of protection from cold (left hand)
Wands
 j - a wand of polymorph (10)
 r - a wand of random effects (64)
Scrolls
 e - 2 scrolls of teleportation
 f - a scroll of amnesia {unknown}
 h - 3 scrolls of enchant weapon
 m - 3 scrolls of immolation {unknown}
 n - 7 scrolls of remove curse
 p - a scroll of magic mapping
 s - 2 scrolls of enchant armour {unknown}
 t - a scroll of silence {unknown}
 x - a scroll of fog {unknown}
 D - a scroll of identify
Potions
 l - a potion of resistance
 q - 2 potions of mutation
 u - a potion of cancellation {unknown}
 z - a potion of degeneration
 A - a potion of flight
 B - a potion of magic
Comestibles
 c - 16 rations
 F - 3 chunks of flesh


   Skills:
 + Level 8.7 Fighting
 * Level 9.7 Axes
 + Level 8.2 Armour
 + Level 6.1 Dodging
 + Level 8.1 Invocations


You had 10 spell levels left.
You didn't know any spells.

Dungeon Overview and Level Annotations

Branches:
Dungeon (10/15)            Temple (1/1) D:5
   Lair: D:8-11         Orc: D:9-12

Altars:
Ashenzari
Cheibriados
Dithmenos
Elyvilon
Fedhas
Gozag
Hepliaklqana
Kikubaaqudgha
Makhleb
Nemelex Xobeh
Okawaru
Qazlal
Ru
Sif Muna
Trog
Uskayaw
Vehumet
Wu Jian
Xom
Yredelemnul
Zin
The Shining One

Shops:
D:6 =


Innate Abilities, Weirdness & Mutations

You are resistant to torment.
Your stone body is resilient. (AC +8)
You are immune to poison.
You resist negative energy. (rN+)
You are resistant to electric shocks. (rElec)
You can survive without breathing.
You are immune to petrification.
You are immune to rotting.


Message History

* * * LOW HITPOINT WARNING * * *
The troll claws you but does no damage.
Okay, then.
The troll barely misses you. The troll misses you.
The troll closely misses you. Something hits you.
* * * LOW HITPOINT WARNING * * *
Deactivating autopickup; reactivate with Ctrl-A.
Something hits you.
* * * LOW HITPOINT WARNING * * *
Space bends around you!
You blink.
Something hits you but does no damage.
You don't have enough magic at the moment.
Something hits you but does no damage.
Okay, then.
Okay, then.
Something completely misses you.
As you read the scroll of teleportation, it crumbles to dust.
You feel strangely unstable. Something hits you but does no damage.
The troll closely misses you. The troll barely misses you. The troll claws you!
You die...

#######.# #.#
........######.#
.....<.........#
.##.###.########
#...#
#.########.#
.####
#...[[.....# .#
######.##### .#
#..##########
.########
#...T@.....≈≈
).......#
#..≈......≈≈≈
#######.#
#..≈{≈..≈≈≈≈≈
#.#
#...{≈≈.≈≈≈≈≈
#.#
#...≈≈≈≈.≈≈≈≈
#.#
#..≈≈≈≈≈≈≈.≈.
#.#
#..≈÷≈≈≈≈....
#######.#
#............
#.......#
#..≈≈≈≈≈≈≈..


You could see a troll.

Vanquished Creatures
  Gastronok (D:8)
  Pikel (D:6)
  Psyche (D:7)
  A centaur zombie (D:10)
  Prince Ribbit (D:8)
  Grinder (D:3)
  A hippogriff (D:8)
  A human (D:8)
  6 yaks (D:9)
  A wyvern (D:9)
  4 hogs (D:8)
  A naga (D:8)
  A hornet zombie (D:7)
  An orc warrior (D:7)
  A sky beast (D:7)
  4 ice beasts
  2 black bears
  2 phantoms (D:7)
  3 ogres
  4 centaurs
  2 wolves (D:9)
  Blork the orc (D:4)
  2 big kobolds
  A gnoll sergeant (D:6)
  3 bullfrogs
  2 scorpions
  A water moccasin skeleton (D:7)
  A killer bee (D:9)
  4 howler monkeys
  2 electric eels (D:9)
  5 crimson imps
  A quasit (D:9)
  A bullfrog zombie (D:5)
  8 hounds
  A jelly (D:6)
  4 orc priests
  3 centaur skeletons
  Crazy Yiuf (D:7)
  A gnoll shaman (D:8)
  Jessica (D:2)
  2 iguanas
  12 orc wizards
  6 worker ants
  A hound zombie (D:6)
  Robin (D:2)
  14 gnolls
  12 adders
  2 shadow imps
  2 oozes
  2 adder skeletons
  A dart slug (D:1)
  3 worms
  6 leopard geckos
  28 orcs
  3 giant cockroaches
  12 goblins
  10 hobgoblins
  11 jackals
  14 kobolds
  3 quokkas
  2 ball pythons
  A ball python skeleton (D:4)
  4 bats
  2 frilled lizards
  10 rats
247 creatures vanquished.

Vanquished Creatures (others)
  A two-headed ogre (D:8)
  5 orc warriors
  A black bear (D:9)
  A bullfrog (D:9)
  2 killer bees (D:9)
  3 howler monkeys (D:9)
  An orc (D:9)
14 creatures vanquished.

Grand Total: 261 creatures vanquished

Notes
Turn   | Place    | Note
-------+----------+-------------------------------------------
     0 | Abyss:1  | Borgoz the Gargoyle Abyssal Knight began the quest for the Orb.
     0 | Abyss:1  | Reached XP level 1. HP: 14/14 MP: 2/2
   187 | Abyss:1  | Noticed a small abomination
   191 | D:1      | Escaped the Abyss
   710 | D:1      | Reached * piety under Lugonu
   710 | D:1      | Reached skill level 2 in Axes
   710 | D:1      | Reached XP level 2. HP: 19/19 MP: 3/3
   714 | D:1      | Reached skill level 1 in Dodging
  1190 | D:2      | Reached XP level 3. HP: 23/23 MP: 4/4
  1213 | D:2      | Noticed Robin
  1322 | D:2      | Killed Robin
  1574 | D:2      | Reached XP level 4. HP: 29/29 MP: 5/5
  2122 | D:2      | Reached ** piety under Lugonu
  2123 | D:2      | Reached XP level 5. HP: 16/33 MP: 4/7
  2492 | D:2      | Noticed Jessica
  2501 | D:2      | Killed Jessica
  2501 | D:2      | Reached skill level 3 in Axes
  2985 | D:3      | Found an iron altar of Okawaru.
  3056 | D:3      | Noticed Grinder
  3066 | D:3      | Paralysed by Grinder for 7 turns
  3585 | D:3      | Found a glowing silver altar of Zin.
  3615 | D:3      | Found a burning altar of Makhleb.
  3797 | D:4      | Noticed Blork the orc
  3878 | D:3      | Paralysed by Grinder for 3 turns
  3884 | D:3      | Paralysed by Grinder for 7 turns
  3896 | D:3      | Paralysed by Grinder for 2 turns
  3900 | D:3      | Killed Grinder
  3900 | D:3      | Reached XP level 6. HP: 16/39 MP: 2/8
  4091 | D:4      | Killed Blork the orc
  4091 | D:4      | Reached skill level 4 in Axes
  4091 | D:4      | Reached XP level 7. HP: 38/44 MP: 7/9
  4525 | D:5      | Entered Level 5 of the Dungeon
  4614 | D:5      | Reached *** piety under Lugonu
  4616 | D:5      | HP: 1/44 [orc priest/divine providence (11)]
  4887 | D:5      | Reached skill level 5 in Fighting
  5061 | D:5      | Reached XP level 8. HP: 49/49 MP: 9/11
  5063 | D:5      | Reached skill level 5 in Axes
  5132 | D:5      | Found a staircase to the Ecumenical Temple.
  5184 | Temple   | Entered the Ecumenical Temple
  5637 | D:5      | Found a blossoming altar of Fedhas.
  5754 | D:5      | Found a snail-covered altar of Cheibriados.
  5795 | D:5      | Found a deep blue altar of Sif Muna.
  6446 | D:6      | Reached skill level 5 in Armour
  6569 | D:6      | Reached skill level 5 in Invocations
  6692 | D:6      | Reached skill level 6 in Axes
  6731 | D:6      | Noticed Pikel
  6763 | D:6      | Killed Pikel
  6763 | D:6      | Reached XP level 9. HP: 53/55 MP: 10/13
  6811 | D:6      | Found an opulent altar of Gozag.
  6905 | D:6      | Found Jiprog's Jewellery Shoppe.
  7177 | D:6      | Found a glowing golden altar of the Shining One.
  7272 | D:6      | Reached skill level 7 in Axes
  7755 | D:7      | Noticed Prince Ribbit
  8274 | D:7      | Found a bloodstained altar of Trog.
  8567 | D:7      | Reached **** piety under Lugonu
  8684 | D:7      | Reached XP level 10. HP: 58/63 MP: 14/14
  8997 | D:7      | Found a runed door.
  9437 | D:7      | Noticed Crazy Yiuf
  9441 | D:7      | Killed Crazy Yiuf
  9612 | D:8      | Noticed Gastronok
  9760 | D:8      | Noticed Maurice
  9882 | D:8      | Noticed a two-headed ogre
  9883 | D:8      | Banished a two-headed ogre
 10323 | D:8      | Reached skill level 8 in Axes
 10337 | D:8      | Reached skill level 5 in Dodging
 10483 | D:8      | Killed Prince Ribbit
 10538 | D:8      | Found an opulent altar of Gozag.
 10637 | D:8      | Noticed Psyche
 10653 | D:7      | Killed Psyche
 10913 | D:8      | Found a shadowy altar of Dithmenos.
 10913 | D:8      | Found an ancient bone altar of Kikubaaqudgha.
 10918 | D:8      | Found a shimmering altar of Xom.
 10920 | D:8      | Found a blossoming altar of Fedhas.
 10922 | D:8      | Found a white marble altar of Elyvilon.
 10985 | D:8      | Found a shattered altar of Ashenzari.
 11433 | D:8      | HP: 3/64 [Gastronok (11)]
 11456 | D:8      | Killed Gastronok
 11456 | D:8      | Reached skill level 9 in Axes
 11456 | D:8      | Reached XP level 11. HP: 19/69 MP: 2/16
 12205 | D:10     | Entered Level 10 of the Dungeon
 13562 | D:8      | Noticed Maurice
 13562 | D:8      | Maurice changed into Maurice the naga
 13581 | D:8      | Killed Maurice the naga
 14090 | D:9      | Slain by a troll

Vault maps used:
D:1:      evilmike_arrival_rings
D:2:      first_ration, uniq_robin, uniq_jessica
D:3:      lemuel_crystal_altar, zin_treasury, lemuel_crystal_altar, uniq_grinder
D:4:      kennysheep_generic_room_9, uniq_blork_the_orc
D:5:      kennysheep_little_box, minmay_temple_entry_overgrown, basic_altar,
          minmay_misc_feat_roman, led_sif_pool
D:6:      lemuel_doored_altar, serial_shops, nicolae_shop_stone,
          minmay_ruined_shrine, uniq_pikel
D:7:      old_standard_altar, st_stairs_3, uniq_prince_ribbit1,
          uniq_crazy_yiuf_cottage
D:8:      chequers_temple_overflow_minitemple, kennysheep_mini_moat,
          nicolae_two_hexagons, grunt_livestock,
          nicolae_gozag_cash_rules_everything_around_me, uniq_maurice,
          uniq_psyche, uniq_gastronok
D:9:      erik_lair_island, lemuel_flame_loot_1, uniq_erolcha
D:10:     lemuel_bear_cage, special_room, serial_shops, nicolae_shop_stone,
          nicolae_trove_entry_diagonal
Temple:   compressed_dpeg_circular_temple

Skill      XL: |  1  2  3  4  5  6  7  8  9 10 11 |
---------------+----------------------------------+-----
Axes           | 2 3 4 6 7 9 |  9.7
Dodging        | 1 2 3 4 5 6 |  6.1
Armour         | 3 4 5 6 7 8 |  8.2
Invocations    | 3 4 5 6 7 8 |  8.1
Fighting       | 4 5 6 7 8 |  8.7

Action                   |  1- 3 |  4- 6 |  7- 9 | 10-12 || total
-------------------------+-------+-------+-------+-------++-------
Melee: Hand axe          |   101 |   113 |       |       ||   214
       War axe           |       |    34 |   403 |   546 ||   983
Invok: Depart the Abyss  |     1 |       |       |       ||     1
       Banish            |       |       |     3 |     3 ||     6
       Bend Space        |       |       |     1 |     1 ||     2
Evoke: Wand              |       |       |     2 |     2 ||     4
  Use: Scroll            |       |    11 |     2 |     5 ||    18
       Potion            |       |       |     4 |    15 ||    19
 Stab: Invisible         |       |       |       |     1 ||     1
  Eat: Chunk             |     2 |     7 |    17 |     9 ||    35
       Ration            |       |       |       |     3 ||     3
Armor: Leather armour    |    50 |    79 |   190 |   283 ||   602
       Skin              |       |       |    13 |       ||    13
Dodge: Dodged            |    81 |   108 |   319 |   411 ||   919

Table legend:
 A = Spawn XP
 B = Non-spawn XP
 C = Spawn XP percentage of total XP
 D = Spawn monster count
 E = Non-spawn monster count
 F = Spawn count percentage of total count
 G = Total turns spent on level
                    A         B        C        D         E        F      G
               +---------+---------+-------+---------+---------+-------+---------
         Total |       0 |   14117 |   0.0 |       0 |     253 |   0.0 | 14090
               +---------+---------+-------+---------+---------+-------+---------
           D:1 |       0 |      83 |   0.0 |       0 |      27 |   0.0 |  1360
           D:2 |       0 |     132 |   0.0 |       0 |      19 |   0.0 |  1607
           D:3 |       0 |     352 |   0.0 |       0 |      30 |   0.0 |   831
           D:4 |       0 |     219 |   0.0 |       0 |       8 |   0.0 |   536
           D:5 |       0 |     954 |   0.0 |       0 |      28 |   0.0 |  1390
           D:6 |       0 |    1942 |   0.0 |       0 |      34 |   0.0 |  1587
           D:7 |       0 |    1873 |   0.0 |       0 |      31 |   0.0 |  2216
           D:8 |       0 |    4965 |   0.0 |       0 |      30 |   0.0 |  3244
           D:9 |       0 |    2966 |   0.0 |       0 |      43 |   0.0 |   740
          D:10 |       0 |     631 |   0.0 |       0 |       3 |   0.0 |   297
               +---------+---------+-------+---------+---------+-------+---------
